 Dungeon Crawl Stone Soup version 0.31-a0-983-g7b6862f502 (webtiles) character file.

Game seed: 16695883582632111636

138 thriggle the Cutter (level 5, -5/40 HPs)
             Began as a Gnoll Wanderer on Nov 2, 2023.
             Was a Believer of Kikubaaqudgha.
             Slain by Ijyb
             ... wielding a +3 dagger
              (7 damage)
             ... on level 3 of the Dungeon.
             The game lasted 00:10:59 (2448 turns).

thriggle the Cutter (Gnoll Wanderer)                Turns: 2448, Time: 00:10:59

Health: -5/40      AC:  0    Str:  7 (9)  XL:     5   Next: 21%
Magic:  5/9        EV: 10    Int: 11 (12) God:    Kikubaaqudgha [**....]
Gold:   127        SH:  4    Dex: 13 (15) Spells: 5/10 levels left

rFire   . . .        j - +2 short sword (elec)
rCold   + . .        b - +0 buckler
rNeg    . . .        s - +0 leather armour
rPois   .            (no helmet)
rElec   .            (no cloak)
rCorr   .            l - +0 pair of gloves
SInv    +            (no boots)
Will    .....        (no amulet)
Stlth   +            o - ring of protection from cold
HPRegen 0.26/turn    f - ring of see invisible
MPRegen 0.11/turn

%: no passive effects
@: corroded, very slightly contaminated
A: fangs 1, strong nose, distributed training
a: Renounce Religion, Unearth Wretches


You were on level 3 of the Dungeon.
You worshipped Kikubaaqudgha.
Kikubaaqudgha was pleased with you.
You visited 1 branch of the dungeon, and saw 3 of its levels.

You collected 127 gold pieces.

Inventory:

Hand Weapons
 a - a +0 short sword
 e - a +0 halberd
 j - a +2 short sword of electrocution (weapon)
Missiles
 k - 6 poisoned darts
 q - 9 stones
Armour
 b - a +0 buckler (worn)
 d - a +0 robe
 l - a +0 pair of gloves (worn)
 s - a +0 leather armour (worn)
Magical Staves
 g - a staff of death
Jewellery
 f - a ring of see invisible (right hand)
 h - a ring of fire
 o - a ring of protection from cold (left hand)
Talismans
 i - a flux talisman
 r - a beast talisman
Scrolls
 c - a scroll of fog
 m - a scroll of enchant weapon


   Skills:
 + Level 2.9 Fighting
 + Level 6.7 Short Blades
 + Level 1.4 Long Blades
 + Level 1.4 Axes
 + Level 1.4 Maces & Flails
 + Level 1.4 Polearms
 + Level 1.4 Staves
 + Level 1.4 Ranged Weapons
 + Level 1.4 Throwing
 + Level 2.9 Armour
 + Level 1.4 Dodging
 + Level 1.4 Stealth
 + Level 2.9 Shields
 + Level 1.4 Unarmed Combat
 + Level 3.1 Spellcasting
 + Level 1.1 Conjurations
 + Level 1.1 Hexes
 + Level 1.1 Summonings
 + Level 3.9 Necromancy
 + Level 1.1 Translocations
 + Level 1.1 Transmutations
 + Level 1.1 Fire Magic
 + Level 1.1 Ice Magic
 + Level 1.1 Air Magic
 + Level 1.1 Earth Magic
 + Level 1.1 Poison Magic
 + Level 3.0 Invocations
 + Level 1.4 Evocations
 + Level 1.3 Shapeshifting


You had 5 spell levels left.
You knew the following spells:

 Your Spells              Type           Power      Damage    Failure   Level
a - Necrotise             Necr           40%        1d6       12%         1
b - Sublimation of Blood  Necr           10%        N/A       19%         2
c - Cigotuvi's Dreadful   Necr/Pois/Air  12%        N/A       36%         2

Your spell library contained the following spells:

 Spells                   Type           Power      Damage    Failure   Level
 Kiss of Death            Conj/Necr      28%        2d7       22%         1
 Tukima's Dance           Hex            4%         N/A       75%         3
 Passage of Golubria      Tloc           4%         N/A       98%         4
 Yara's Violent Unravell  Hex/Tmut       2%         3d3       100%        5
 Malign Gateway           Summ/Tloc      2%         N/A       100%        7
 Summon Horrible Things   Summ           2%         N/A       100%        8


Dungeon Overview and Level Annotations

Branches:
Dungeon (3/15)

Altars:
Hepliaklqana
Kikubaaqudgha
Qazlal

Annotations:
D:3 Ijyb


Innate Abilities, Weirdness & Mutations

You have very sharp teeth.
Your uncanny sense of smell can sniff out nearby items.
Your experience applies equally to all skills.


Message History

Casting: Necrotise (safe; 12% risk of failure)
Confirm with . or Enter, or press ? or * to list all spells.
Okay, then.
Ijyb screams, "I no like you!"
Press: ? - help, v - describe, . - travel The floor.
Casting: Necrotise (safe; 12% risk of failure)
Confirm with . or Enter, or press ? or * to list all spells.
You miscast Cigotuvi's Dreadful Rot.
You are very lightly contaminated with residual magic.
Nothing appears to happen.
You hit Ijyb but do no damage.
Ijyb screams, "Me very upset!"
Ijyb zaps a wand.
The bolt of acid hits you! The acid corrodes you!
Casting: Cigotuvi's Dreadful Rot (dangerous; 36% risk of failure)
Confirm with . or Enter, or press ? or * to list all spells.
Aiming: Necrotise (safe; 12% risk of failure)
Press: ? - help, Shift-Dir - straight line, f - Ijyb
Aim: Ijyb, wielding a +3 dagger, wearing a +0 ring mail and carrying a wand of acid (chance to affect: 71%) Ijyb writhes in agony.
Ijyb zaps a wand.
The bolt of acid hits you!
Ijyb zaps a wand.
The bolt of acid hits you!
* * * LOW HITPOINT WARNING * * *
Casting: Necrotise (safe; 12% risk of failure)
Confirm with . or Enter, or press ? or * to list all spells.
Aiming: Necrotise (safe; 12% risk of failure)
Press: ? - help, Shift-Dir - straight line, f/p - Ijyb
Aim: Ijyb, wielding a +3 dagger, wearing a +0 ring mail and carrying a wand of acid (moderately wounded, chance to affect: 71%)
You miscast Necrotise.
Nothing appears to happen.
Ijyb misses you.
Unknown command.
You hit Ijyb but do no damage.
Ijyb is moderately wounded.
It was a potion of curing.
You feel better. Ijyb hits you with a +3 dagger!
* * * LOW HITPOINT WARNING * * *
Ijyb is nearby!
Ijyb hits you with a +3 dagger!
* * * LOW HITPOINT WARNING * * *
You begin transforming.
You continue transforming.
Ijyb hits you with a +3 dagger!
You die...
Kikubaaqudgha rasps: "You have failed me!
Welcome... death!"

#.# ##.####.# #.##.#*,* ###.# #.#
#.# ##....##∆* .##.#######.# #.#
##......#.#* ..#.........# #.#
#..........# #.########### #.#
#.......#..# * .......## #.#
#.......#..# * .####...########.#
#....###...#**
.................###......,....**
##.####...#####.@g...##.....#.##*
#.## #...#####.........####*.#*
#..# #...#..............,,,,,,*
###.###...#..........#.#*****,**
........................,,,,,,*
####.##...#.....######.#*******
#.######.....# *.# #...##.......#
*,* ###..#.####### *,*


You could see Ijyb.

Vanquished Creatures
  An orc priest (D:3)
  4 adders
  4 dart slugs
  4 orcs (D:3)
  5 endoplasms
  8 goblins
  7 hobgoblins
  5 kobolds
  3 quokkas
  6 ball pythons
  4 bats
  2 frilled lizards
  5 rats
58 creatures vanquished.

Vanquished Creatures (collateral kills)
  A bat (D:1)
1 creature vanquished.

Grand Total: 59 creatures vanquished

Notes
Turn   | Place    | Note
-------+----------+-------------------------------------------
     0 | D:1      | thriggle the Gnoll Wanderer began the quest for the Orb.
     0 | D:1      | thriggle set off with the following items: a +0 short
                  | sword, a +0 buckler, a scroll of fog, a +0 robe; and the
                  | following spells available to memorise: Necrotise,
                  | Sublimation of Blood, Kiss of Death.
     0 | D:1      | Reached XP level 1. HP: 17/17 MP: 4/4
    42 | D:1      | Learned a level 1 spell: Necrotise
   178 | D:1      | Reached XP level 2. HP: 22/23 MP: 2/5
   568 | D:1      | Reached XP level 3. HP: 28/28 MP: 5/7
   596 | D:1      | Found a faded altar of an unknown god.
   615 | D:1      | Prayed at the altar of an unknown god.
   615 | D:1      | Became a worshipper of Kikubaaqudgha
   615 | D:1      | Reached * piety under Kikubaaqudgha
   615 | D:1      | Received a gift from Kikubaaqudgha
  1228 | D:2      | Reached skill level 1 in Long Blades
  1228 | D:2      | Reached skill level 1 in Axes
  1228 | D:2      | Reached skill level 1 in Maces & Flails
  1228 | D:2      | Reached skill level 1 in Polearms
  1228 | D:2      | Reached skill level 1 in Staves
  1228 | D:2      | Reached skill level 1 in Ranged Weapons
  1228 | D:2      | Reached skill level 1 in Throwing
  1228 | D:2      | Reached skill level 1 in Dodging
  1228 | D:2      | Reached skill level 1 in Stealth
  1228 | D:2      | Reached skill level 1 in Unarmed Combat
  1228 | D:2      | Reached skill level 1 in Evocations
  1327 | D:2      | Learned a level 2 spell: Sublimation of Blood
  1470 | D:2      | Reached ** piety under Kikubaaqudgha
  1513 | D:2      | Reached XP level 4. HP: 34/34 MP: 5/8
  1587 | D:2      | Reached skill level 1 in Shapeshifting
  1602 | D:2      | Found a stormy altar of Qazlal.
  1989 | D:3      | Reached skill level 1 in Conjurations
  1989 | D:3      | Reached skill level 1 in Hexes
  1989 | D:3      | Reached skill level 1 in Summonings
  1989 | D:3      | Reached skill level 1 in Translocations
  1989 | D:3      | Reached skill level 1 in Transmutations
  1989 | D:3      | Reached skill level 1 in Fire Magic
  1989 | D:3      | Reached skill level 1 in Ice Magic
  1989 | D:3      | Reached skill level 1 in Air Magic
  1989 | D:3      | Reached skill level 1 in Earth Magic
  1989 | D:3      | Reached skill level 1 in Poison Magic
  2003 | D:3      | Reached XP level 5. HP: 17/40 MP: 4/9
  2153 | D:3      | Noticed Ijyb
  2184 | D:3      | Learned a level 2 spell: Cigotuvi's Dreadful Rot
  2318 | D:3      | Found a hazy altar of Hepliaklqana.
  2447 | D:3      | HP: 1/40 [Ijyb/+3 dagger (9)]
  2448 | D:3      | Slain by Ijyb

Illustrated notes

Levels and vault maps discovered:
D:1:      sevenhm_arrival_forest_fort_large_2, layout_loops_corners,
          ebering_ecumenical_altar_webs
D:2:      layout_loops_cross, basic_altar
D:3:      layout_basic, mainiacjoe_overflow_boulevard,
          nicolae_tso_carved_into_rock, uniq_ijyb

Skill      XL: |  1  2  3  4 |
---------------+-------------+-----
Long Blades    | 1 |  1.4
Axes           | 1 |  1.4
Maces & Flails | 1 |  1.4
Polearms       | 1 |  1.4
Staves         | 1 |  1.4
Ranged Weapons | 1 |  1.4
Throwing       | 1 |  1.4
Dodging        | 1 |  1.4
Stealth        | 1 |  1.4
Unarmed Combat | 1 |  1.4
Evocations     | 1 |  1.4
Spellcasting   | 3 |  3.1
Shapeshifting  | 1 |  1.3
Conjurations   | 1 |  1.1
Hexes          | 1 |  1.1
Summonings     | 1 |  1.1
Translocations | 1 |  1.1
Transmutations | 1 |  1.1
Fire Magic     | 1 |  1.1
Ice Magic      | 1 |  1.1
Air Magic      | 1 |  1.1
Earth Magic    | 1 |  1.1
Poison Magic   | 1 |  1.1
Invocations    | 3 |  3.0
Fighting       | |  2.9
Short Blades   | |  6.7
Armour         | |  2.9
Shields        | |  2.9
Necromancy     | |  3.9

Action                     |  1- 3 |  4- 6 || total
---------------------------+-------+-------++-------
  Melee: Short sword       |    91 |    41 ||   132
         Bite              |    15 |     2 ||    17
         Staff             |       |     4 ||     4
   Cast: Necrotise         |    21 |    21 ||    42
    Use: Potion            |       |     4 ||     4
         Scroll            |       |     3 ||     3
   Stab: Sleeping          |     3 |       ||     3
 Armour: Robe              |    47 |    17 ||    64
         Leather armour    |       |    13 ||    13
  Dodge: Dodged            |    53 |    27 ||    80
  Block: Buckler           |    23 |    14 ||    37
   Form: Beast             |       |     1 ||     1

Table legend: (Time is in decaauts)
 A = Elapsed time spent in this place.
 B = Non-inter-level travel time spent in this place.
 C = Inter-level travel time spent in this place.
 D = Time resting spent in this place.
 E = Time spent auto-exploring this place.
 F = Levels seen in this place.
 G = Mean time per level.
                   A        B        C        D        E       F      G
               +--------+--------+--------+--------+--------+-----+--------+
         Total |   2410 |   2314 |     96 |     34 |   1412 |   3 |  803.3 |
       Dungeon |   2410 |   2314 |     96 |     34 |   1412 |   3 |  803.3 |
               +--------+--------+--------+--------+--------+-----+--------+

Top non-repeatable levels by time:
     D:1: 1157 daAuts
     D:2: 715 daAuts
     D:3: 538 daAuts
